 Dungeon Crawl Stone Soup version 0.30.1-9-gdf580d7c3d (webtiles) character file.

Game seed: 12281608416477274600

18 H0rd4k the Charlatan (level 2, 0/18 HPs)
             Began as an Octopode Artificer on Sept 27, 2023.
             Slain by Terence
             ... wielding a +0 short sword
              (3 damage)
             ... on level 2 of the Dungeon.
             The game lasted 00:00:54 (874 turns).

H0rd4k the Charlatan (Octopode Artificer)            Turns: 874, Time: 00:00:55

Health: 0/18       AC:  1    Str: 11    XL:     2   Next: 66%
Magic:  2/2        EV: 13    Int: 13    God:
Gold:   58         SH:  0    Dex: 12    Spells: 1/1 levels left

rFire   . . .        (no weapon)
rCold   . . .        (no shield)
rNeg    . . .        (helmet restricted)
rPois   .            (no amulet)
rElec   .            (no ring)
rCorr   .            (no ring)
SInv    .            (no ring)
Will    .....        (no ring)
Stlth   +++          (no ring)
HPRegen 0.23/turn    (no ring)
MPRegen 0.08/turn    (no ring)
                     (no ring)

%: no passive effects
@: no status effects
A: almost no armour, amphibious, 8 rings, camouflage 1, gelatinous body 1,
(nimble swimmer 1), tentacles
a: no special abilities


You were on level 2 of the Dungeon.
You visited 1 branch of the dungeon, and saw 2 of its levels.

You collected 58 gold pieces.

Inventory:

Wands
 b - a wand of flame (15) (quivered)
 c - a wand of charming (14)
 d - a wand of iceblast (3)
Scrolls
 e - a scroll of identify {unknown}
 i - a scroll of vulnerability {unknown}
Potions
 a - 3 potions of lignification {unknown}
 f - a potion of brilliance {unknown}
 g - a potion of curing {unknown}
 h - a potion of might {unknown}


   Skills:
 + Level 1.1 Fighting
 + Level 2.8 Dodging
 - Level 1.3 Stealth
 + Level 0.4 Unarmed Combat
 + Level 3.8 Evocations


You had one spell level left.
You didn't know any spells.
Your spell library was empty.

Dungeon Overview and Level Annotations

Branches:
Dungeon (2/15)

Altars:

Annotations:
D:2 Terence


Innate Abilities, Weirdness & Mutations

You cannot wear most types of armour.
You are amphibious.
You can wear up to eight rings at the same time.
Your skin changes colour to match your surroundings (Stealth+).
Your rubbery body absorbs attacks. (AC +1, EV +1)
((You are camouflaged when in or above water. (Stealth+)))
You have tentacles for arms and can constrict up to eight enemies at once.


Message History

You tentacle-slap the rat. Your grab misses the rat.
The rat is heavily wounded.
The rat misses you.
You tentacle-slap the rat.
You kill the rat!
No target in view!
No target in view!
No target in view!
You see here a rat corpse.
i - a scroll labelled FAAMNITT JITU Terence the Incautious comes into view.
He is wielding a +0 short sword.
Terence is nearby!
Aiming: Iceblast
Press: ? - help, Shift-Dir - straight line, f - Terence
Aim: Terence, wielding a +0 short sword and wearing a +0 chain mail (asleep)
The mass of ice explodes!
The iceblast engulfs Terence.
Terence is moderately wounded.
You hear an angry hiss.
Unknown command.
Aiming: Iceblast
Press: ? - help, Shift-Dir - straight line, f/p - Terence
Aim: Terence, wielding a +0 short sword and wearing a +0 chain mail (moderately wounded)
The mass of ice explodes!
The iceblast engulfs Terence.
Terence is heavily wounded.
Unknown command.
You closely miss Terence. You grab Terence.
Terence is heavily wounded.
You constrict Terence.
A quokka comes into view.
Terence hits you with a +0 short sword!
You tentacle-slap Terence but do no damage.
Terence is severely wounded.
You constrict Terence. Terence hits you with a +0 short sword!
Ouch! That really hurt!
* * * LOW HITPOINT WARNING * * *
You tentacle-slap Terence but do no damage.
You squeeze Terence, but do no damage.
Terence is severely wounded.
You constrict Terence. Terence hits you with a +0 short sword.
You die...

...... #...#.###
##.#.#.#.#
###.#...#...
#..#.#.#.#.#
#.#...#...#.
#?.#.#.#.#.#
#@.#...#...
#@#.#.#.#.#.
#....#...#...
#.#.#.#.#.#.#
#####..#...#...#.
#.....#.#.#.#.#.#
##.##....#...#... #
###.#.#.#.#.#
#.###.#...#...#...#
#......#.#.#.#.#.#.


You could see Terence.

Vanquished Creatures
  2 ball pythons (D:1)
  A giant cockroach (D:1)
  2 hobgoblins (D:1)
  2 jackals (D:1)
  2 quokkas (D:1)
  A bat (D:1)
  A frilled lizard (D:1)
  2 goblins (D:1)
  A kobold (D:1)
  2 rats
16 creatures vanquished.

Notes
Turn   | Place    | Note
-------+----------+-------------------------------------------
     0 | D:1      | H0rd4k the Octopode Artificer began the quest for the Orb.
     0 | D:1      | Reached XP level 1. HP: 13/13 MP: 1/1
   276 | D:1      | Reached XP level 2. HP: 10/18 MP: 2/2
   864 | D:2      | Noticed Terence
   874 | D:2      | Slain by Terence

Illustrated notes

Levels and vault maps discovered:
D:1:      ldierk_walled_garden, layout_basic
D:2:      layout_basic, basic_altar, kennysheep_crisscross, uniq_terence

Action                     || total
---------------------------++-------
  Melee: Unarmed           ||    36
         Constrict         ||    11
         Tentacles         ||    11
         Punch             ||     1
  Evoke: Wand              ||     3
   Stab: Sleeping          ||     4
 Armour: Skin              ||     2
  Dodge: Dodged            ||    25
